Connexion

PITTSBURGH Penguins vs MONTREAL Canadiens

Created - 20 août 2023 at 07:37

Goals
1 2 3 T
PITTSBURGH Penguins 1 0 0 1
MONTREAL Canadiens 2 3 2 7
Shots
1 2 3 T
PITTSBURGH Penguins 16 4 13 33
MONTREAL Canadiens 17 16 4 37

GoalsPenalties
1st period
1. MONTREAL Canadiens , Boone Jenner 3 (Kailer Yamamoto 4, Joel Edmundson 2) at 5:15
2. PITTSBURGH Penguins , Gustav Nyquist 4 (William Nylander 5, Jared Spurgeon 5) at 16:12
3. MONTREAL Canadiens , Isac Lundestrom 2 (Kyle Capobianco 6, Matthew Benning 2) at 16:37
Kris Letang (MTL) for Holding (Minor) at 2:27
Milan Lucic (PIT) for High sticking (Minor) at 5:21
Joel Edmundson (MTL) for Hooking (Minor) at 17:01
2nd period
4. MONTREAL Canadiens , Dakota Mermis 4 (Kailer Yamamoto 5, Brock Boeser 4) at 0:40
5. MONTREAL Canadiens , Gabriel Vilardi 2 (Isac Lundestrom 4, Brett Howden 2) at 4:01
6. MONTREAL Canadiens , Boone Jenner 4 (Kailer Yamamoto 6, Brock Boeser 5) at 13:34 (PP)
Adam Larsson (PIT) for Tripping (Minor) at 12:58
Brett Howden (MTL) for Holding (Minor) at 19:49
3rd period
7. MONTREAL Canadiens , Tyson Barrie 4 (Cam Atkinson 5, Kris Letang 4) at 6:20 (PP)
8. MONTREAL Canadiens , Kris Letang 3 (Tyler Seguin 8, Tyson Barrie 11) at 7:35
Adam Larsson (PIT) for Roughing (Minor) at 5:33
Matthew Benning (MTL) for Hooking (Minor) at 7:50
Kris Letang (MTL) for Holding (Minor) at 16:57
Matthew Benning (MTL) for High sticking (Minor) at 19:00
Goalie Stats
Jonathan Quick (PIT), 30 saves from 37 shots - (0,811), L, 0-1-0, 60:00 minutes
Kevin Lankinen (MTL), 32 saves from 33 shots - (0,970), W, 6-0-1, 60:00 minutes
3 StarsOfficial
1 - Boone Jenner (MTL)
2 - Isac Lundestrom (MTL)
3 - Tyson Barrie (MTL)
Referees : Chris Lee and Ian Walsh
Linesman : Derek Amell and Pierre Racicot
Game Note
No Game Note
Finance
Level 1 -- Attendance: 6000 (100,00%) -- Ticket Income 600 000 $
Level 2 -- Attendance: 5738 (69,36%) -- Ticket Income 430 350 $
Level 3 -- Attendance: 2000 (100,00%) -- Ticket Income 100 000 $
Level 4 -- Attendance: 4000 (100,00%) -- Ticket Income 100 000 $
Luxury Box -- Attendance: 1000 (100,00%) -- Ticket Income 250 000 $
Game was played at the Bell Centre.
Total Attendance: 18738 (88,08%)
Total Ticket Income: 1 480 350 $
Other Income: 296 070 $
Total Income: 1 776 420 $



Team Name Goals Shots Shots Attemp Shots Blocked PIM HIT PP PK FO%
PITTSBURGH Penguins 13371146250 / 6 (0%)252%
MONTREAL Canadiens 737721112212 / 3 (67%)048%

PITTSBURGH Penguins
Player Name POS G A P +/- PIM HIT SHT SB MP PP MP PP SHT PK MP PK SHT FO% FOT
Adam LarssonD0000481222:115:2010:4400% 0
Alexander BarabanovLW/RW000-200108:170:0000:000100% 1
Andrei SvechnikovLW/RW0000041018:515:2300:0000% 1
Brad MarchandLW/RW000-1035022:245:3121:130100% 5
Connor McDavidC000-1028121:115:3140:00053% 30
Gustav NyquistC/LW/RW1010012220:545:2312:03060% 5
Jake GardinerD000-1013125:345:3432:3800% 0
Jared Spurgeon D0110001222:135:2010:4400% 0
Justin KloosC/RW000-100008:190:0000:00050% 10
Kevin ConnautonD000-3000112:130:0000:0000% 0
Matthew NietoLW/RW000-2001111:070:0002:5000% 0
Milan LucicLW000-122108:180:0000:000100% 1
Oliver Bjorkstrand LW/RW000-1015021:115:3140:000100% 2
Ross ColtonC000-200008:230:0000:06075% 8
Trevor CarrickD000-3020112:130:0000:0000% 0
Victor HedmanD000-1011225:345:3412:3800% 0
Vitali KravtsovRW000-100018:190:0000:00050% 2
William NylanderC/RW0110003019:235:2320:32030% 30
MONTREAL Canadiens
Player Name POS G A P +/- PIM HIT SHT SB MP PP MP PP SHT PK MP PK SHT FO% FOT
Boone JennerC/LW2021014021:081:0413:09067% 24
Brett HowdenC/LW0112201011:170:0000:0000% 0
Brock BoeserRW0221003017:591:0400:0000% 0
Cam AtkinsonLW/RW0111022020:192:1803:09057% 7
Carl GrundstromRW000001002:390:0000:0000% 1
Dakota MermisD1011002121:341:0405:0600% 0
Gabriel VilardiC/RW1012013111:400:0000:220100% 1
Isac LundestromC/LW1122012011:210:0000:03056% 9
Joel EdmundsonD0111210120:411:0404:1400% 0
Kailer YamamotoC/LW/RW0331016017:591:0420:0000% 1
Kris LetangD1121435124:162:1813:4100% 0
Kyle CapobiancoD0112011012:190:0000:1800% 0
Matthew BenningD0112421114:520:0002:5300% 0
Patrick KaneC/RW0001021027:122:1817:23040% 48
Phil KesselC/RW000000012:390:0000:00033% 3
Tyler SeguinC/RW0111053224:522:1807:4200% 1
Tyson BarrieD1121003326:132:1815:3610% 0
Yakov TreninC000000000:000:0000:0000% 0



Play-by-Play

1st period


0:01 of 1st period - Connor McDavid wins face-off versus Patrick Kane in neutral zone.
0:30 of 1st period - Shot by Kris Letang.
0:30 of 1st period - Stopped by Jonathan Quick without a rebound.
0:31 of 1st period - William Nylander wins face-off versus Boone Jenner in PITTSBURGH Penguins zone.
1:00 of 1st period - Shot by Kailer Yamamoto.
1:00 of 1st period - Stopped by Jonathan Quick with a rebound.
1:23 of 1st period - Jared Spurgeon is hit by Gabriel Vilardi and loses puck.
1:48 of 1st period - Shot by Brett Howden.
1:48 of 1st period - Stopped by Jonathan Quick with a rebound.
1:50 of 1st period - Shot by Brett Howden.
1:50 of 1st period - Shot Blocked by Adam Larsson.
1:52 of 1st period - Shot by Brett Howden.
1:52 of 1st period - Deflect By Gabriel Vilardi.
1:52 of 1st period - Stopped by Jonathan Quick without a rebound.
1:53 of 1st period - Alexander Barabanov wins face-off versus Patrick Kane in PITTSBURGH Penguins zone.
2:27 of 1st period - Minor Penalty to Kris Letang for Holding.
2:28 of 1st period - Patrick Kane wins face-off versus Connor McDavid in MONTREAL Canadiens zone.
2:28 of 1st period - Patrick Kane is hit by Connor McDavid.
3:10 of 1st period - Shot by Jake Gardiner.
3:10 of 1st period - Shot Misses the Net.
3:12 of 1st period - Shot by Victor Hedman.
3:12 of 1st period - Shot Misses the Net.
3:25 of 1st period - Icing by William Nylander.
3:26 of 1st period - William Nylander wins face-off versus Patrick Kane in PITTSBURGH Penguins zone.
3:46 of 1st period - Off-side.
3:47 of 1st period - Connor McDavid wins face-off versus Cam Atkinson in neutral zone.
3:52 of 1st period - Shot by Connor McDavid.
3:52 of 1st period - Stopped by Kevin Lankinen without a rebound.
3:53 of 1st period - Brad Marchand wins face-off versus Patrick Kane in MONTREAL Canadiens zone.
3:58 of 1st period - Shot by Connor McDavid.
3:58 of 1st period - Shot Misses the Net.
4:00 of 1st period - Shot by Jake Gardiner.
4:00 of 1st period - Shot Misses the Net.
4:02 of 1st period - Shot by Victor Hedman.
4:02 of 1st period - Shot Misses the Net.
4:14 of 1st period - Shot by Oliver Bjorkstrand .
4:14 of 1st period - Stopped by Kevin Lankinen with a rebound.
4:16 of 1st period - Shot by Jake Gardiner.
4:16 of 1st period - Stopped by Kevin Lankinen without a rebound.
4:17 of 1st period - Cam Atkinson wins face-off versus William Nylander in MONTREAL Canadiens zone.
4:39 of 1st period - Tyson Barrie is hit by Trevor Carrick and loses puck.
4:50 of 1st period - Shot by Tyson Barrie.
4:50 of 1st period - Stopped by Jonathan Quick without a rebound.
4:51 of 1st period - Connor McDavid wins face-off versus Boone Jenner in PITTSBURGH Penguins zone.
5:11 of 1st period - Shot by Boone Jenner.
5:11 of 1st period - Shot Misses the Net.
5:13 of 1st period - Shot by Kailer Yamamoto.
5:13 of 1st period - Deflect By Boone Jenner.
5:13 of 1st period - Shot Misses the Net.
5:15 of 1st period - Shot by Boone Jenner.
5:15 of 1st period - Goal by Boone Jenner - PITTSBURGH Penguins : 0 - MONTREAL Canadiens : 1.
5:16 of 1st period - Patrick Kane wins face-off versus Ross Colton in neutral zone.
5:20 of 1st period - Off-side.
5:21 of 1st period - Patrick Kane wins face-off versus Justin Kloos in neutral zone.
5:21 of 1st period - Minor Penalty to Milan Lucic for High sticking.
5:22 of 1st period - Gustav Nyquist wins face-off versus Patrick Kane in PITTSBURGH Penguins zone.
5:49 of 1st period - Icing by Patrick Kane.
5:50 of 1st period - Gustav Nyquist wins face-off versus Patrick Kane in MONTREAL Canadiens zone.
6:07 of 1st period - Shot by Tyson Barrie.
6:07 of 1st period - Shot Blocked by Matthew Nieto.
6:09 of 1st period - Shot by Tyson Barrie.
6:09 of 1st period - Shot Misses the Net.
6:11 of 1st period - Shot by Cam Atkinson.
6:11 of 1st period - Shot Misses the Net.
6:19 of 1st period - Shot by Patrick Kane.
6:19 of 1st period - Stopped by Jonathan Quick without a rebound.
6:20 of 1st period - Boone Jenner wins face-off versus William Nylander in PITTSBURGH Penguins zone.
6:29 of 1st period - Shot by Kailer Yamamoto.
6:29 of 1st period - Stopped by Jonathan Quick without a rebound.
6:30 of 1st period - Boone Jenner wins face-off versus William Nylander in PITTSBURGH Penguins zone.
7:01 of 1st period - Shot by Kailer Yamamoto.
7:01 of 1st period - Stopped by Jonathan Quick without a rebound.
7:02 of 1st period - William Nylander wins face-off versus Patrick Kane in PITTSBURGH Penguins zone.
7:02 of 1st period - William Nylander is hit by Tyler Seguin.
7:27 of 1st period - Shot by Isac Lundestrom.
7:27 of 1st period - Stopped by Jonathan Quick without a rebound.
7:28 of 1st period - Boone Jenner wins face-off versus Connor McDavid in PITTSBURGH Penguins zone.
7:28 of 1st period - Boone Jenner is hit by Jake Gardiner.
7:30 of 1st period - Shot by Kailer Yamamoto.
7:30 of 1st period - Deflect By Boone Jenner.
7:30 of 1st period - Shot Misses the Net.
7:32 of 1st period - Shot by Kyle Capobianco.
7:32 of 1st period - Stopped by Jonathan Quick without a rebound.
7:33 of 1st period - Connor McDavid wins face-off versus Patrick Kane in PITTSBURGH Penguins zone.
7:33 of 1st period - Connor McDavid is hit by Tyler Seguin.
7:49 of 1st period - Shot by Tyler Seguin.
7:49 of 1st period - Stopped by Jonathan Quick with a rebound.
8:11 of 1st period - Shot by Patrick Kane.
8:11 of 1st period - Shot Blocked by Jake Gardiner.
8:39 of 1st period - Shot by Kailer Yamamoto.
8:39 of 1st period - Stopped by Jonathan Quick without a rebound.
8:40 of 1st period - William Nylander wins face-off versus Isac Lundestrom in PITTSBURGH Penguins zone.
9:23 of 1st period - Shot by Isac Lundestrom.
9:23 of 1st period - Shot Blocked by Gustav Nyquist.
9:38 of 1st period - Icing by Boone Jenner.
9:39 of 1st period - Ross Colton wins face-off versus Boone Jenner in MONTREAL Canadiens zone.
10:06 of 1st period - Matthew Nieto is hit by Kailer Yamamoto and loses puck.
10:31 of 1st period - Brock Boeser is hit by Brad Marchand and loses puck.
10:58 of 1st period - Shot by Oliver Bjorkstrand .
10:58 of 1st period - Shot Misses the Net.
11:00 of 1st period - Shot by Brad Marchand.
11:00 of 1st period - Shot Blocked by Joel Edmundson.
11:02 of 1st period - Shot by Jake Gardiner.
11:02 of 1st period - Shot Misses the Net.
11:39 of 1st period - Cam Atkinson is hit by Adam Larsson and loses puck.
11:44 of 1st period - Shot by Cam Atkinson.
11:44 of 1st period - Stopped by Jonathan Quick with a rebound.
11:46 of 1st period - Shot by Cam Atkinson.
11:46 of 1st period - Stopped by Jonathan Quick without a rebound.
11:47 of 1st period - Isac Lundestrom wins face-off versus Justin Kloos in PITTSBURGH Penguins zone.
11:58 of 1st period - Shot by Isac Lundestrom.
11:58 of 1st period - Shot Blocked by Vitali Kravtsov.
12:00 of 1st period - Shot by Matthew Benning.
12:00 of 1st period - Shot Blocked by Kevin Connauton.
12:29 of 1st period - Icing by Isac Lundestrom.
12:30 of 1st period - Isac Lundestrom wins face-off versus William Nylander in MONTREAL Canadiens zone.
12:34 of 1st period - Gabriel Vilardi is hit by Andrei Svechnikov and loses puck.
12:47 of 1st period - Andrei Svechnikov is hit by Matthew Benning and loses puck.
13:29 of 1st period - Icing by Patrick Kane.
13:30 of 1st period - Connor McDavid wins face-off versus Patrick Kane in MONTREAL Canadiens zone.
13:30 of 1st period - Connor McDavid is hit by Kris Letang.
13:38 of 1st period - Shot by Connor McDavid.
13:38 of 1st period - Stopped by Kevin Lankinen without a rebound.
13:39 of 1st period - Boone Jenner wins face-off versus Connor McDavid in MONTREAL Canadiens zone.
14:00 of 1st period - Shot by Boone Jenner.
14:00 of 1st period - Shot Misses the Net.
14:14 of 1st period - Shot by Brock Boeser.
14:14 of 1st period - Stopped by Jonathan Quick without a rebound.
14:15 of 1st period - Ross Colton wins face-off versus Patrick Kane in PITTSBURGH Penguins zone.
14:38 of 1st period - Shot by Matthew Nieto.
14:38 of 1st period - Stopped by Kevin Lankinen without a rebound.
14:39 of 1st period - Justin Kloos wins face-off versus Isac Lundestrom in MONTREAL Canadiens zone.
14:52 of 1st period - Shot by Vitali Kravtsov.
14:52 of 1st period - Deflect By Milan Lucic.
14:52 of 1st period - Stopped by Kevin Lankinen without a rebound.
14:53 of 1st period - Connor McDavid wins face-off versus Patrick Kane in MONTREAL Canadiens zone.
14:54 of 1st period - Shot by Brad Marchand.
14:54 of 1st period - Stopped by Kevin Lankinen without a rebound.
14:55 of 1st period - Connor McDavid wins face-off versus Patrick Kane in MONTREAL Canadiens zone.
15:27 of 1st period - Shot by Brad Marchand.
15:27 of 1st period - Stopped by Kevin Lankinen with a rebound.
16:01 of 1st period - Kailer Yamamoto is hit by Gustav Nyquist and loses puck.
16:10 of 1st period - Shot by William Nylander.
16:10 of 1st period - Stopped by Kevin Lankinen with a rebound.
16:12 of 1st period - Shot by Gustav Nyquist.
16:12 of 1st period - Goal by Gustav Nyquist - PITTSBURGH Penguins : 1 - MONTREAL Canadiens : 1.
16:13 of 1st period - Ross Colton wins face-off versus Isac Lundestrom in neutral zone.
16:35 of 1st period - Shot by Isac Lundestrom.
16:35 of 1st period - Shot Misses the Net.
16:37 of 1st period - Shot by Isac Lundestrom.
16:37 of 1st period - Goal by Isac Lundestrom - PITTSBURGH Penguins : 1 - MONTREAL Canadiens : 2.
16:38 of 1st period - William Nylander wins face-off versus Kailer Yamamoto in neutral zone.
17:01 of 1st period - Shot by Andrei Svechnikov.
17:01 of 1st period - Stopped by Kevin Lankinen without a rebound.
17:01 of 1st period - Minor Penalty to Joel Edmundson for Hooking.
17:02 of 1st period - Patrick Kane wins face-off versus Connor McDavid in MONTREAL Canadiens zone.
17:02 of 1st period - Patrick Kane is hit by Oliver Bjorkstrand .
17:22 of 1st period - Shot by Brad Marchand.
17:22 of 1st period - Stopped by Kevin Lankinen without a rebound.
17:23 of 1st period - Patrick Kane wins face-off versus William Nylander in MONTREAL Canadiens zone.
17:40 of 1st period - Shot by Gustav Nyquist.
17:40 of 1st period - Shot Blocked by Tyler Seguin.
17:42 of 1st period - Shot by William Nylander.
17:42 of 1st period - Shot Hit the Post.
17:44 of 1st period - Shot by Adam Larsson.
17:44 of 1st period - Shot Blocked by Kris Letang.
17:46 of 1st period - Shot by Gustav Nyquist.
17:46 of 1st period - Shot Blocked by Tyson Barrie.
17:52 of 1st period - Shot by Adam Larsson.
17:52 of 1st period - Stopped by Kevin Lankinen without a rebound.
17:53 of 1st period - Boone Jenner wins face-off versus Connor McDavid in MONTREAL Canadiens zone.
18:16 of 1st period - Shot by Oliver Bjorkstrand .
18:16 of 1st period - Shot Blocked by Matthew Benning.
18:20 of 1st period - Shot by Oliver Bjorkstrand .
18:20 of 1st period - Stopped by Kevin Lankinen with a rebound.
18:24 of 1st period - Shot by Victor Hedman.
18:24 of 1st period - Shot Blocked by Dakota Mermis.
18:26 of 1st period - Shot by Connor McDavid.
18:26 of 1st period - Stopped by Kevin Lankinen without a rebound.
18:27 of 1st period - Cam Atkinson wins face-off versus William Nylander in MONTREAL Canadiens zone.
18:37 of 1st period - Icing by Gustav Nyquist.
18:38 of 1st period - Gustav Nyquist wins face-off versus Cam Atkinson in PITTSBURGH Penguins zone.
18:42 of 1st period - William Nylander is hit by Boone Jenner and loses puck.
19:08 of 1st period - Oliver Bjorkstrand is hit by Kris Letang and loses puck.
19:26 of 1st period - Shot by Oliver Bjorkstrand .
19:26 of 1st period - Shot Misses the Net.
19:45 of 1st period - Shot by Connor McDavid.
19:45 of 1st period - Deflect By Oliver Bjorkstrand .
19:45 of 1st period - Shot Misses the Net.
19:47 of 1st period - Shot by Connor McDavid.
19:47 of 1st period - Stopped by Kevin Lankinen without a rebound.
19:48 of 1st period - Boone Jenner wins face-off versus William Nylander in MONTREAL Canadiens zone.
19:48 of 1st period - Boone Jenner is hit by Andrei Svechnikov.
Goals for this period are 1 for PITTSBURGH Penguins vs 2 for MONTREAL Canadiens.
Shots for this period are 16 for PITTSBURGH Penguins vs 17 for MONTREAL Canadiens.

2nd period


0:01 of 2nd period - Connor McDavid wins face-off versus Patrick Kane in neutral zone.
0:10 of 2nd period - Shot by Connor McDavid.
0:10 of 2nd period - Stopped by Kevin Lankinen with a rebound.
0:28 of 2nd period - Shot by Tyler Seguin.
0:28 of 2nd period - Stopped by Jonathan Quick without a rebound.
0:29 of 2nd period - Boone Jenner wins face-off versus William Nylander in PITTSBURGH Penguins zone.
0:38 of 2nd period - Shot by Kailer Yamamoto.
0:38 of 2nd period - Stopped by Jonathan Quick with a rebound.
0:40 of 2nd period - Shot by Dakota Mermis.
0:40 of 2nd period - Goal by Dakota Mermis - PITTSBURGH Penguins : 1 - MONTREAL Canadiens : 3.
0:41 of 2nd period - Ross Colton wins face-off versus Phil Kessel in neutral zone.
0:55 of 2nd period - Icing by Patrick Kane.
0:56 of 2nd period - Phil Kessel wins face-off versus Connor McDavid in MONTREAL Canadiens zone.
1:03 of 2nd period - Shot by Patrick Kane.
1:03 of 2nd period - Deflect By Carl Grundstrom.
1:03 of 2nd period - Shot Blocked by Connor McDavid.
1:19 of 2nd period - Shot by Patrick Kane.
1:19 of 2nd period - Shot Misses the Net.
1:21 of 2nd period - Shot by Matthew Benning.
1:21 of 2nd period - Stopped by Jonathan Quick without a rebound.
1:22 of 2nd period - Boone Jenner wins face-off versus William Nylander in PITTSBURGH Penguins zone.
1:27 of 2nd period - Shot by Boone Jenner.
1:27 of 2nd period - Shot Blocked by Adam Larsson.
1:29 of 2nd period - Shot by Kris Letang.
1:29 of 2nd period - Shot Blocked by Gustav Nyquist.
1:31 of 2nd period - Shot by Boone Jenner.
1:31 of 2nd period - Stopped by Jonathan Quick without a rebound.
1:32 of 2nd period - Vitali Kravtsov wins face-off versus Boone Jenner in PITTSBURGH Penguins zone.
1:45 of 2nd period - Shot by Brock Boeser.
1:45 of 2nd period - Stopped by Jonathan Quick without a rebound.
1:46 of 2nd period - Patrick Kane wins face-off versus Connor McDavid in PITTSBURGH Penguins zone.
1:47 of 2nd period - Shot by Tyler Seguin.
1:47 of 2nd period - Stopped by Jonathan Quick without a rebound.
1:48 of 2nd period - Connor McDavid wins face-off versus Patrick Kane in PITTSBURGH Penguins zone.
1:53 of 2nd period - Patrick Kane is hit by Brad Marchand.
2:05 of 2nd period - Shot by Oliver Bjorkstrand .
2:05 of 2nd period - Stopped by Kevin Lankinen without a rebound.
2:06 of 2nd period - Boone Jenner wins face-off versus William Nylander in MONTREAL Canadiens zone.
2:58 of 2nd period - Icing by Joel Edmundson.
2:59 of 2nd period - Boone Jenner wins face-off versus Connor McDavid in MONTREAL Canadiens zone.
3:01 of 2nd period - Icing by Kailer Yamamoto.
3:02 of 2nd period - Brad Marchand wins face-off versus Boone Jenner in MONTREAL Canadiens zone.
3:11 of 2nd period - Shot by Connor McDavid.
3:11 of 2nd period - Stopped by Kevin Lankinen without a rebound.
3:12 of 2nd period - Patrick Kane wins face-off versus Connor McDavid in MONTREAL Canadiens zone.
3:35 of 2nd period - Shot by Patrick Kane.
3:35 of 2nd period - Shot Misses the Net.
3:41 of 2nd period - Shot by Kris Letang.
3:41 of 2nd period - Stopped by Jonathan Quick without a rebound.
3:42 of 2nd period - Isac Lundestrom wins face-off versus Ross Colton in PITTSBURGH Penguins zone.
4:01 of 2nd period - Shot by Gabriel Vilardi.
4:01 of 2nd period - Goal by Gabriel Vilardi - PITTSBURGH Penguins : 1 - MONTREAL Canadiens : 4.
4:02 of 2nd period - Justin Kloos wins face-off versus Patrick Kane in neutral zone.
4:28 of 2nd period - Icing by Jake Gardiner.
4:29 of 2nd period - Boone Jenner wins face-off versus Justin Kloos in PITTSBURGH Penguins zone.
4:35 of 2nd period - Icing by Jake Gardiner.
4:36 of 2nd period - Milan Lucic wins face-off versus Boone Jenner in PITTSBURGH Penguins zone.
5:17 of 2nd period - Shot by Brock Boeser.
5:17 of 2nd period - Shot Blocked by Victor Hedman.
6:03 of 2nd period - Icing by Tyson Barrie.
6:04 of 2nd period - Connor McDavid wins face-off versus Patrick Kane in MONTREAL Canadiens zone.
6:14 of 2nd period - Tyler Seguin is hit by Brad Marchand and loses puck.
6:19 of 2nd period - Shot by Kris Letang.
6:19 of 2nd period - Stopped by Jonathan Quick without a rebound.
6:20 of 2nd period - Isac Lundestrom wins face-off versus William Nylander in PITTSBURGH Penguins zone.
6:39 of 2nd period - William Nylander is hit by Matthew Benning and loses puck.
6:50 of 2nd period - Shot by Andrei Svechnikov.
6:50 of 2nd period - Shot Hit the Post.
7:00 of 2nd period - Andrei Svechnikov is hit by Isac Lundestrom and loses puck.
7:26 of 2nd period - Dakota Mermis is hit by Adam Larsson.
7:37 of 2nd period - Boone Jenner is hit by Adam Larsson and loses puck.
7:40 of 2nd period - Shot by Kailer Yamamoto.
7:40 of 2nd period - Shot Misses the Net.
7:48 of 2nd period - Shot by Brock Boeser.
7:48 of 2nd period - Shot Misses the Net.
7:50 of 2nd period - Shot by Brock Boeser.
7:50 of 2nd period - Shot Blocked by Jared Spurgeon .
8:41 of 2nd period - Icing by Tyson Barrie.
8:42 of 2nd period - Patrick Kane wins face-off versus Justin Kloos in MONTREAL Canadiens zone.
8:48 of 2nd period - Tyler Seguin is hit by Milan Lucic and loses puck.
9:03 of 2nd period - Shot by Justin Kloos.
9:03 of 2nd period - Shot Misses the Net.
9:11 of 2nd period - Shot by Milan Lucic.
9:11 of 2nd period - Shot Misses the Net.
9:18 of 2nd period - Icing by Patrick Kane.
9:19 of 2nd period - Brad Marchand wins face-off versus Tyler Seguin in MONTREAL Canadiens zone.
9:20 of 2nd period - Shot by Connor McDavid.
9:20 of 2nd period - Shot Misses the Net.
11:28 of 2nd period - Shot by Ross Colton.
11:28 of 2nd period - Deflect By Alexander Barabanov.
11:28 of 2nd period - Stopped by Kevin Lankinen without a rebound.
11:29 of 2nd period - Oliver Bjorkstrand wins face-off versus Phil Kessel in MONTREAL Canadiens zone.
12:02 of 2nd period - Shot by Oliver Bjorkstrand .
12:02 of 2nd period - Shot Blocked by Phil Kessel.
12:24 of 2nd period - Shot by Isac Lundestrom.
12:24 of 2nd period - Shot Misses the Net.
12:29 of 2nd period - Isac Lundestrom is hit by Adam Larsson and loses puck.
12:39 of 2nd period - Gabriel Vilardi is hit by Adam Larsson and loses puck.
12:58 of 2nd period - Minor Penalty to Adam Larsson for Tripping.
12:59 of 2nd period - Patrick Kane wins face-off versus Gustav Nyquist in PITTSBURGH Penguins zone.
13:12 of 2nd period - Shot by Kris Letang.
13:12 of 2nd period - Stopped by Jonathan Quick without a rebound.
13:13 of 2nd period - Boone Jenner wins face-off versus Gustav Nyquist in PITTSBURGH Penguins zone.
13:26 of 2nd period - Shot by Brock Boeser.
13:26 of 2nd period - Shot Misses the Net.
13:28 of 2nd period - Shot by Joel Edmundson.
13:28 of 2nd period - Shot Misses the Net.
13:30 of 2nd period - Shot by Joel Edmundson.
13:30 of 2nd period - Shot Misses the Net.
13:32 of 2nd period - Shot by Brock Boeser.
13:32 of 2nd period - Shot Blocked by Victor Hedman.
13:34 of 2nd period - Shot by Kailer Yamamoto.
13:34 of 2nd period - Deflect By Boone Jenner.
13:34 of 2nd period - Goal by Boone Jenner - PITTSBURGH Penguins : 1 - MONTREAL Canadiens : 5.
13:35 of 2nd period - Patrick Kane wins face-off versus Justin Kloos in neutral zone.
13:50 of 2nd period - Cam Atkinson is hit by Milan Lucic and loses puck.
15:13 of 2nd period - Andrei Svechnikov is hit by Joel Edmundson and loses puck.
15:50 of 2nd period - Shot by Gabriel Vilardi.
15:50 of 2nd period - Stopped by Jonathan Quick without a rebound.
15:51 of 2nd period - Ross Colton wins face-off versus Carl Grundstrom in PITTSBURGH Penguins zone.
15:51 of 2nd period - Ross Colton is hit by Patrick Kane.
15:54 of 2nd period - Icing by Jared Spurgeon .
15:55 of 2nd period - Ross Colton wins face-off versus Patrick Kane in PITTSBURGH Penguins zone.
15:55 of 2nd period - Ross Colton is hit by Tyler Seguin.
17:04 of 2nd period - Shot by Gabriel Vilardi.
17:04 of 2nd period - Shot Blocked by Jared Spurgeon .
18:04 of 2nd period - Icing by Kailer Yamamoto.
18:05 of 2nd period - Boone Jenner wins face-off versus William Nylander in MONTREAL Canadiens zone.
18:18 of 2nd period - Shot by Kailer Yamamoto.
18:18 of 2nd period - Stopped by Jonathan Quick without a rebound.
18:19 of 2nd period - Justin Kloos wins face-off versus Patrick Kane in PITTSBURGH Penguins zone.
18:19 of 2nd period - Justin Kloos is hit by Cam Atkinson.
18:32 of 2nd period - Icing by Kris Letang.
18:33 of 2nd period - Patrick Kane wins face-off versus William Nylander in MONTREAL Canadiens zone.
19:03 of 2nd period - Jake Gardiner is hit by Patrick Kane and loses puck.
19:28 of 2nd period - Shot by Boone Jenner.
19:28 of 2nd period - Shot Misses the Net.
19:30 of 2nd period - Shot by Kailer Yamamoto.
19:30 of 2nd period - Deflect By Boone Jenner.
19:30 of 2nd period - Stopped by Jonathan Quick with a rebound.
19:34 of 2nd period - Shot by Brock Boeser.
19:34 of 2nd period - Stopped by Jonathan Quick without a rebound.
19:35 of 2nd period - Isac Lundestrom wins face-off versus Connor McDavid in PITTSBURGH Penguins zone.
19:49 of 2nd period - Minor Penalty to Brett Howden for Holding.
19:50 of 2nd period - Connor McDavid wins face-off versus Patrick Kane in MONTREAL Canadiens zone.
Goals for this period are 0 for PITTSBURGH Penguins vs 3 for MONTREAL Canadiens.
Shots for this period are 4 for PITTSBURGH Penguins vs 16 for MONTREAL Canadiens.

3rd period


0:01 of 3rd period - Connor McDavid wins face-off versus Patrick Kane in neutral zone.
0:21 of 3rd period - Shot by Oliver Bjorkstrand .
0:21 of 3rd period - Shot Misses the Net.
0:23 of 3rd period - Shot by Victor Hedman.
0:23 of 3rd period - Shot Misses the Net.
0:29 of 3rd period - Shot by Brad Marchand.
0:29 of 3rd period - Stopped by Kevin Lankinen without a rebound.
0:30 of 3rd period - Patrick Kane wins face-off versus William Nylander in MONTREAL Canadiens zone.
1:34 of 3rd period - Shot by Oliver Bjorkstrand .
1:34 of 3rd period - Stopped by Kevin Lankinen with a rebound.
2:26 of 3rd period - Shot by Gabriel Vilardi.
2:26 of 3rd period - Shot Blocked by Trevor Carrick.
3:46 of 3rd period - Shot by Brad Marchand.
3:46 of 3rd period - Stopped by Kevin Lankinen without a rebound.
3:47 of 3rd period - Patrick Kane wins face-off versus William Nylander in MONTREAL Canadiens zone.
3:47 of 3rd period - Patrick Kane is hit by Andrei Svechnikov.
4:17 of 3rd period - Shot by Tyler Seguin.
4:17 of 3rd period - Shot Misses the Net.
4:19 of 3rd period - Shot by Kris Letang.
4:19 of 3rd period - Shot Misses the Net.
4:26 of 3rd period - Icing by Adam Larsson.
4:27 of 3rd period - Boone Jenner wins face-off versus Andrei Svechnikov in PITTSBURGH Penguins zone.
4:27 of 3rd period - Joel Edmundson is hit by Adam Larsson and loses puck.
4:43 of 3rd period - Kailer Yamamoto is hit by Adam Larsson and loses puck.
5:08 of 3rd period - Kailer Yamamoto is hit by Adam Larsson and loses puck.
5:21 of 3rd period - Carl Grundstrom is hit by Andrei Svechnikov and loses puck.
5:33 of 3rd period - Minor Penalty to Adam Larsson for Roughing.
5:34 of 3rd period - Brad Marchand wins face-off versus Patrick Kane in PITTSBURGH Penguins zone.
5:40 of 3rd period - Icing by Kris Letang.
5:41 of 3rd period - Brad Marchand wins face-off versus Patrick Kane in MONTREAL Canadiens zone.
5:42 of 3rd period - Shot by Matthew Nieto.
5:42 of 3rd period - Shot Misses the Net.
6:20 of 3rd period - Shot by Tyson Barrie.
6:20 of 3rd period - Goal by Tyson Barrie - PITTSBURGH Penguins : 1 - MONTREAL Canadiens : 6.
6:21 of 3rd period - Justin Kloos wins face-off versus Boone Jenner in neutral zone.
6:36 of 3rd period - Shot by Boone Jenner.
6:36 of 3rd period - Shot Misses the Net.
7:15 of 3rd period - Icing by Trevor Carrick.
7:16 of 3rd period - Justin Kloos wins face-off versus Patrick Kane in PITTSBURGH Penguins zone.
7:16 of 3rd period - Justin Kloos is hit by Tyler Seguin.
7:22 of 3rd period - Milan Lucic is hit by Cam Atkinson and loses puck.
7:35 of 3rd period - Shot by Kris Letang.
7:35 of 3rd period - Goal by Kris Letang - PITTSBURGH Penguins : 1 - MONTREAL Canadiens : 7.
7:36 of 3rd period - Oliver Bjorkstrand wins face-off versus Isac Lundestrom in neutral zone.
7:41 of 3rd period - Shot by Brad Marchand.
7:41 of 3rd period - Shot Blocked by Gabriel Vilardi.
7:43 of 3rd period - Shot by Connor McDavid.
7:43 of 3rd period - Shot Misses the Net.
7:50 of 3rd period - Minor Penalty to Matthew Benning for Hooking.
7:51 of 3rd period - Patrick Kane wins face-off versus William Nylander in MONTREAL Canadiens zone.
8:14 of 3rd period - Shot by Andrei Svechnikov.
8:14 of 3rd period - Shot Blocked by Tyler Seguin.
8:18 of 3rd period - Shot by Gustav Nyquist.
8:18 of 3rd period - Shot Blocked by Tyson Barrie.
8:20 of 3rd period - Shot by Jared Spurgeon .
8:20 of 3rd period - Shot Misses the Net.
8:22 of 3rd period - Shot by Jared Spurgeon .
8:22 of 3rd period - Stopped by Kevin Lankinen without a rebound.
8:23 of 3rd period - Patrick Kane wins face-off versus Connor McDavid in MONTREAL Canadiens zone.
8:46 of 3rd period - Shot by Connor McDavid.
8:46 of 3rd period - Stopped by Kevin Lankinen without a rebound.
8:47 of 3rd period - Cam Atkinson wins face-off versus William Nylander in MONTREAL Canadiens zone.
8:57 of 3rd period - Icing by Jared Spurgeon .
8:58 of 3rd period - Patrick Kane wins face-off versus William Nylander in PITTSBURGH Penguins zone.
9:07 of 3rd period - Shot by Gustav Nyquist.
9:07 of 3rd period - Shot Misses the Net.
9:09 of 3rd period - Shot by William Nylander.
9:09 of 3rd period - Shot Misses the Net.
9:11 of 3rd period - Shot by William Nylander.
9:11 of 3rd period - Stopped by Kevin Lankinen without a rebound.
9:12 of 3rd period - Connor McDavid wins face-off versus Patrick Kane in MONTREAL Canadiens zone.
9:29 of 3rd period - Shot by Jake Gardiner.
9:29 of 3rd period - Stopped by Kevin Lankinen without a rebound.
9:30 of 3rd period - William Nylander wins face-off versus Cam Atkinson in MONTREAL Canadiens zone.
9:35 of 3rd period - Shot by Adam Larsson.
9:35 of 3rd period - Shot Misses the Net.
9:43 of 3rd period - Shot by Gustav Nyquist.
9:43 of 3rd period - Stopped by Kevin Lankinen without a rebound.
9:44 of 3rd period - Patrick Kane wins face-off versus Connor McDavid in MONTREAL Canadiens zone.
9:44 of 3rd period - Patrick Kane is hit by Connor McDavid.
10:24 of 3rd period - Shot by Trevor Carrick.
10:24 of 3rd period - Shot Misses the Net.
10:27 of 3rd period - Icing by Matthew Benning.
10:28 of 3rd period - Boone Jenner wins face-off versus Connor McDavid in MONTREAL Canadiens zone.
12:46 of 3rd period - Shot by Alexander Barabanov.
12:46 of 3rd period - Shot Misses the Net.
12:52 of 3rd period - Trevor Carrick is hit by Tyler Seguin and loses puck.
13:23 of 3rd period - Shot by Brock Boeser.
13:23 of 3rd period - Shot Misses the Net.
13:25 of 3rd period - Shot by Dakota Mermis.
13:25 of 3rd period - Shot Misses the Net.
13:27 of 3rd period - Shot by Dakota Mermis.
13:27 of 3rd period - Stopped by Jonathan Quick without a rebound.
13:28 of 3rd period - Gabriel Vilardi wins face-off versus Vitali Kravtsov in PITTSBURGH Penguins zone.
13:28 of 3rd period - Isac Lundestrom is hit by Victor Hedman and loses puck.
13:38 of 3rd period - Jake Gardiner is hit by Kyle Capobianco and loses puck.
14:40 of 3rd period - Icing by Joel Edmundson.
14:41 of 3rd period - William Nylander wins face-off versus Boone Jenner in MONTREAL Canadiens zone.
15:05 of 3rd period - Boone Jenner is hit by Trevor Carrick and loses puck.
15:24 of 3rd period - Icing by Joel Edmundson.
15:25 of 3rd period - Boone Jenner wins face-off versus Connor McDavid in MONTREAL Canadiens zone.
16:12 of 3rd period - Oliver Bjorkstrand is hit by Kris Letang and loses puck.
16:25 of 3rd period - Adam Larsson is hit by Carl Grundstrom and loses puck.
16:57 of 3rd period - Minor Penalty to Kris Letang for Holding.
16:58 of 3rd period - William Nylander wins face-off versus Patrick Kane in MONTREAL Canadiens zone.
17:03 of 3rd period - Shot by Andrei Svechnikov.
17:03 of 3rd period - Shot Misses the Net.
17:05 of 3rd period - Shot by Victor Hedman.
17:05 of 3rd period - Stopped by Kevin Lankinen without a rebound.
17:06 of 3rd period - Patrick Kane wins face-off versus William Nylander in MONTREAL Canadiens zone.
18:18 of 3rd period - Shot by Jake Gardiner.
18:18 of 3rd period - Stopped by Kevin Lankinen with a rebound.
18:30 of 3rd period - Shot by Jake Gardiner.
18:30 of 3rd period - Shot Misses the Net.
18:32 of 3rd period - Shot by Connor McDavid.
18:32 of 3rd period - Deflect By Oliver Bjorkstrand .
18:32 of 3rd period - Stopped by Kevin Lankinen without a rebound.
18:33 of 3rd period - Cam Atkinson wins face-off versus William Nylander in MONTREAL Canadiens zone.
18:53 of 3rd period - Icing by Victor Hedman.
18:54 of 3rd period - Patrick Kane wins face-off versus William Nylander in PITTSBURGH Penguins zone.
18:55 of 3rd period - Shot by Tyson Barrie.
18:55 of 3rd period - Stopped by Jonathan Quick without a rebound.
18:56 of 3rd period - Connor McDavid wins face-off versus Patrick Kane in PITTSBURGH Penguins zone.
19:00 of 3rd period - Minor Penalty to Matthew Benning for High sticking.
19:01 of 3rd period - Connor McDavid wins face-off versus Patrick Kane in MONTREAL Canadiens zone.
19:16 of 3rd period - Shot by Brad Marchand.
19:16 of 3rd period - Shot Misses the Net.
19:18 of 3rd period - Shot by Connor McDavid.
19:18 of 3rd period - Stopped by Kevin Lankinen without a rebound.
19:19 of 3rd period - William Nylander wins face-off versus Patrick Kane in MONTREAL Canadiens zone.
19:37 of 3rd period - Shot by Jake Gardiner.
19:37 of 3rd period - Shot Blocked by Tyson Barrie.
19:39 of 3rd period - Shot by William Nylander.
19:39 of 3rd period - Stopped by Kevin Lankinen without a rebound.
19:40 of 3rd period - Connor McDavid wins face-off versus Patrick Kane in MONTREAL Canadiens zone.
Goals for this period are 0 for PITTSBURGH Penguins vs 2 for MONTREAL Canadiens.
Shots for this period are 13 for PITTSBURGH Penguins vs 4 for MONTREAL Canadiens.